 Dungeon Crawl Stone Soup version 0.31.0-11-ge490571c62 (webtiles) character file.

Game seed: 7155735593063168885

15 dialectric the Ruffian (level 2, 0/21 HPs)
             Began as a Demonspawn Wanderer on Jan 28, 2024.
             Slain by an orc
             ... wielding a +0 war axe
              (6 damage)
             ... on level 2 of the Dungeon.
             The game lasted 00:00:51 (746 turns).

dialectric the Ruffian (Demonspawn Wanderer)         Turns: 746, Time: 00:00:52

Health: 0/21       AC:  5    Str: 13    XL:     2   Next: 34%
Magic:  2/2        EV: 11    Int: 11    God:
Gold:   71         SH:  0    Dex: 18    Spells: 1/1 levels left

rFire   . . .        a - +0 mace
rCold   . . .        (no shield)
rNeg    . . .        f - +0 leather armour
rPois   .            (no helmet)
rElec   .            (no cloak)
rCorr   .            (no gloves)
SInv    .            (no boots)
Will    .....        (no amulet)
Stlth   +            g - +6 ring of dexterity
HPRegen 0.23/turn    (no ring)
MPRegen 0.08/turn

%: no passive effects
@: no status effects
A: icy blue scales 1
a: no special abilities


You were on level 2 of the Dungeon.
You visited 1 branch of the dungeon, and saw 2 of its levels.

You collected 71 gold pieces.

Inventory:

Hand Weapons
 a - a +0 mace (weapon)
Armour
 d - a +0 buckler
 f - a +0 leather armour (worn)
Jewellery
 g - a +6 ring of dexterity (left hand)
Scrolls
 b - a scroll of blinking
 c - a scroll of fear
 e - a scroll of fog
 j - 2 scrolls of identify {unknown}
 k - a scroll of enchant weapon {unknown}
Potions
 h - 2 potions of curing {unknown}
 i - 3 potions of heal wounds {unknown}
 l - a potion of lignification {unknown}


   Skills:
 + Level 1.0 Fighting
 * Level 1.3 Maces & Flails
 * Level 1.2 Armour
 * Level 0.5 Dodging
 - Level 2.6 Shields
 - Level 2.6 Unarmed Combat
 - Level 1.2 Invocations
 - Level 1.0 Evocations


You had one spell level left.
You didn't know any spells.
Your spell library was empty.

Dungeon Overview and Level Annotations

Branches:
Dungeon (2/15)

Altars:


Innate Abilities, Weirdness & Mutations

You are partially covered in icy blue scales. (AC +2)


Message History

There is a stone staircase leading up here.
Key pressed, stopping travel.
Unknown command.
No target in view!
j - 2 scrolls labelled WOZISK CUSEHA (gained 1)
There is a stone staircase leading down here.
You open the door.
There is an open door here.
You now have 63 gold pieces (gained 7).
You now have 71 gold pieces (gained 8).
A goblin comes into view. It is wielding a +0 dagger.
A goblin is nearby!
Found a trident.
Found an escape hatch in the ceiling.
An orc comes into view. It is wielding a +0 war axe.
A kobold comes into view. It is wielding a +0 whip.
The goblin shouts!
You hear a shout!
You hit the goblin.
You kill the goblin!
A hobgoblin comes into view.
Found 6 gold pieces.
You closely miss the kobold. The kobold hits you with a +0 whip.
You barely miss the kobold. The kobold closely misses you.
The orc hits you with a +0 war axe! The kobold barely misses you.
You closely miss the orc. The kobold hits you but does no damage.
The orc barely misses you.
You hit the orc.
The orc is severely wounded.
The kobold closely misses you.
The hobgoblin hits you but does no damage.
The orc hits you with a +0 war axe.
Unknown command.
The kobold hits you with a +0 whip.
The hobgoblin attacks as it pursues you!
The hobgoblin closely misses you.
Found an escape hatch in the floor.
The hobgoblin attacks as it pursues you!
The hobgoblin barely misses you. The kobold hits you with a +0 whip.
* * * LOW HITPOINT WARNING * * *
The orc attacks as it pursues you! The orc hits you with a +0 war axe.
You die...

.....................# ..
.....................#...
.....................
.....................
..........##...#.....
.....................
..............)......
.#######..ogK.......
####@........
.......<........
...........)....
................
.>...........#..
#...........##.$
#...........#
#...........#


You could see an orc, a hobgoblin and a kobold.

Vanquished Creatures
  A dart slug (D:1)
  2 endoplasms (D:1)
  A hobgoblin (D:1)
  A kobold (D:1)
  A ball python (D:1)
  A frilled lizard (D:1)
  4 goblins
  A rat (D:1)
12 creatures vanquished.

Notes
Turn   | Place    | Note
-------+----------+-------------------------------------------
     0 | D:1      | dialectric the Demonspawn Wanderer began the quest for the
                  | Orb.
     0 | D:1      | dialectric set off with the following items: a +0 mace, a
                  | scroll of blinking, a scroll of fear, a +0 buckler, a
                  | scroll of fog, a +0 leather armour.
     0 | D:1      | Reached XP level 1. HP: 15/15 MP: 1/1
    75 | D:1      | Found a faded altar of an unknown god.
   188 | D:1      | Reached skill level 1 in Armour
   188 | D:1      | Gained mutation: You are partially covered in icy blue
                  | scales. (AC +2) [demonic ancestry]
   188 | D:1      | Reached XP level 2. HP: 7/21 MP: 2/2
   746 | D:2      | Slain by an orc

Illustrated notes

Levels and vault maps discovered:
D:1:      eino_arrival_cavern_a, layout_rooms,
          shapermc_ecumenical_altar_notcrosses
D:2:      layout_basic

Skill      XL: |  1 |
---------------+----+-----
Armour         | 1 |  1.2
Fighting       | |  1.0
Maces & Flails | |  1.3
Dodging        | |  0.5
Shields        | |  2.6
Unarmed Combat | |  2.6
Invocations    | |  1.2
Evocations     | |  1.0

Action                     || total
---------------------------++-------
  Melee: Mace              ||    45
         Punch             ||     1
 Armour: Leather armour    ||    36
  Dodge: Dodged            ||    26
  Block: Buckler           ||     2
